 Dungeon Crawl Stone Soup version 0.30-a0-358-g0d69a1922f (webtiles) character file.

Game seed: 16617816750771465672

40 gamesnag the Trooper (level 3, 0/33 HPs)
             Began as a Minotaur Berserker on Nov 8, 2022.
             Was a Follower of Trog.
             Succumbed to an adder's poison
             ... on level 2 of the Dungeon.
             The game lasted 00:01:49 (895 turns).

gamesnag the Trooper (Minotaur Berserker)            Turns: 895, Time: 00:01:49

Health: 0/33       AC:  2    Str: 21    XL:     3   Next: 30%
Magic:  2/2        EV: 12    Int:  4    God:    Trog [*.....]
Gold:   51         SH:  0    Dex: 11    Spells: 2/2 levels left

rFire   . . .      SeeInvis .      - Unarmed
rCold   . . .      Faith    .    (no shield)
rNeg    . . .      Spirit   .    a - +0 animal skin
rPois   .          Reflect  .    (helmet restricted)
rElec   .          Harm     .    (no cloak)
rCorr   .          Rampage  .    (no gloves)
Will    .....                    (no boots)
Stlth   +.........               (no amulet)
HPRegen 0.25/turn                (no ring)
MPRegen 0.08/turn                (no ring)

@: lethally poisoned (0 -> -2)
A: horns 2, retaliatory headbutt
a: Renounce Religion, Berserk


You were on level 2 of the Dungeon.
You worshipped Trog.
Trog was aware of your devotion.
You visited 1 branch of the dungeon, and saw 2 of its levels.

You collected 51 gold pieces.

Inventory:

Armour
 a - a +0 animal skin (worn)
Scrolls
 b - 2 scrolls of teleportation {unknown}
 d - a scroll of vulnerability {unknown}
 e - a scroll of immolation {unknown}
 g - 3 scrolls of fear {unknown}
Potions
 c - a potion of attraction {unknown}
 f - 2 potions of heal wounds {unknown}
 h - 2 potions of flight {unknown}


   Skills:
 + Level 4.2 Fighting
 + Level 2.5 Armour
 + Level 2.5 Dodging
 + Level 0.4 Stealth
 + Level 4.0 Unarmed Combat


You had 2 spell levels left.
You didn't know any spells.
Your spell library was empty.

Dungeon Overview and Level Annotations

Branches:
Dungeon (2/15)

Altars:


Innate Abilities, Weirdness & Mutations

You have a pair of horns on your head.
You reflexively headbutt those who attack you in melee.


Message History

There are monsters nearby!
There are monsters nearby!
You are too injured to fight recklessly!
There are monsters nearby!
You are too injured to fight recklessly!
There are monsters nearby!
You are too injured to fight recklessly!
There are monsters nearby!
There are monsters nearby!
You are too injured to fight recklessly!
There are monsters nearby!
You are too injured to fight recklessly!
There are monsters nearby!
There are monsters nearby!
You are too injured to fight recklessly!
There are monsters nearby!
You are too injured to fight recklessly!
There are monsters nearby!
There are monsters nearby!
You are too injured to fight recklessly!
There are monsters nearby!
There are monsters nearby!
The adder closely misses you. x2
The adder attacks as you move away! The adder bites you.
You are poisoned.
The adder poisons you!
Found 5 gold pieces and a scroll labelled ULLUTHR PIOT.
You feel sick. The worm bites you but does no damage.
You feel sick. The adder bites you. The adder misses you.
You hit the worm.
The worm is moderately wounded.
You feel sick. The adder closely misses you. The worm bites you.
* * * LOW HITPOINT WARNING * * *
You barely miss the worm.
The worm is moderately wounded.
The adder bites you.
* * * LOW HITPOINT WARNING * * *
You punch the worm!
The worm is severely wounded.
You die...

#.###
##...# $
#..##.# ..
#...#.#
...
#.#.#.#
....##/..#
#....†.##
##.##wS# #
#@.# #..#
#?.# #..#
#..# ...#
...# ?...#


You could see a worm and an adder.

Vanquished Creatures
  An adder (D:2)
  A worm (D:2)
  3 ball pythons
  A bat (D:1)
  An endoplasm (D:1)
  2 giant cockroaches (D:1)
  2 goblins
  5 hobgoblins
  3 jackals (D:2)
  A quokka (D:1)
  A kobold (D:1)
  2 rats
23 creatures vanquished.

Notes
Turn   | Place    | Note
-------+----------+-------------------------------------------
     0 | D:1      | gamesnag the Minotaur Berserker began the quest for the
                  | Orb.
     0 | D:1      | Reached XP level 1. HP: 19/19 MP: 0/0
   279 | D:1      | Reached XP level 2. HP: 27/27 MP: 1/1
   879 | D:2      | Reached XP level 3. HP: 33/33 MP: 2/2
   894 | D:2      | HP: 1/33 [adder (3)]
   895 | D:2      | Succumbed to an adder's poison

Illustrated notes

Levels and vault maps discovered:
D:1:      amcnicky_arrival_feature_with_door, layout_loops_ring
D:2:      layout_loops_ring, small_statue_intersection

Skill      XL: |  1  2  3 |
---------------+----------+-----
Fighting       | 4 |  4.2
Unarmed Combat | 4 |  4.0
Armour         | |  2.5
Dodging        | |  2.5
Stealth        | |  0.4

Action                   || total
-------------------------++-------
Melee: Unarmed           ||    63
       Headbutt          ||     3
       Punch             ||     2
 Stab: Sleeping          ||     1
Armor: Animal skin       ||    10
Dodge: Dodged            ||    32

Table legend: (Time is in decaauts)
 A = Elapsed time spent in this place.
 B = Non-inter-level travel time spent in this place.
 C = Inter-level travel time spent in this place.
 D = Time resting spent in this place.
 E = Time spent auto-exploring this place.
 F = Levels seen in this place.
 G = Mean time per level.
                   A        B        C        D        E       F      G
               +--------+--------+--------+--------+--------+-----+--------+
         Total |    891 |    868 |     23 |      0 |    706 |   2 |  445.5 |
       Dungeon |    891 |    868 |     23 |      0 |    706 |   2 |  445.5 |
               +--------+--------+--------+--------+--------+-----+--------+

Top non-repeatable levels by time:
     D:1: 688 daAuts
     D:2: 202 daAuts
